 Dungeon Crawl Stone Soup version 0.29.1-2-gbd0b4ee654 (webtiles) character file.

Game seed: 12606957457350357187

14656 sanboga the Severer (level 11, -3/93 HPs)
             Began as a Minotaur Monk on Nov 16, 2022.
             Was a High Priest of Hepliaklqana.
             Slain by Snorg (6 damage)
             ... on level 11 of the Dungeon.
             The game lasted 00:15:57 (12830 turns).

sanboga the Severer (Minotaur Monk)                Turns: 12830, Time: 00:15:57

Health: -3/93      AC: 22    Str: 21    XL:     11   Next: 91%
Magic:  10/10      EV: 12    Int:  7    God:    Hepliaklqana [*****.]
Gold:   1012       SH:  0    Dex: 12    Spells: 10/10 levels left

rFire   . . .      SeeInvis .   G - +4 war axe
rCold   . . .      Faith    .   (no shield)
rNeg    . . .      Spirit   .   A - +0 plate armour
rPois   .          Reflect  .   (helmet restricted)
rElec   .          Harm     .   g - +1 cloak
rCorr   +          Rampage  .   o - +0 pair of gloves
Will    .....                   v - +2 pair of boots
Stlth   ..........              (no amulet)
HPRegen 0.25/turn               r - +4 ring of evasion
MPRegen 0.12/turn               y - ring of resist corrosion

@: no status effects
A: reduced essence, horns 2, retaliatory headbutt
a: Renounce Religion, Recall Ancestor, Ancestor Identity, Transference, Idealise


You were on level 11 of the Dungeon.
You worshipped Hepliaklqana.
Hepliaklqana was extremely pleased with you.
You visited 2 branches of the dungeon, and saw 12 of its levels.

You collected 1012 gold pieces.

Inventory:

Hand Weapons
 z - a +0 battleaxe
 G - a +4 war axe (weapon)
Armour
 g - a +1 cloak (worn)
 o - a +0 pair of gloves (worn)
 v - a +2 pair of boots (worn)
 A - a +0 plate armour (worn)
Jewellery
 l - a ring of ice
 r - a +4 ring of evasion (left hand)
 s - a ring of see invisible
 y - a ring of resist corrosion (right hand)
 F - a ring of fire
Wands
 a - a wand of iceblast (8)
 d - a wand of charming (7)
 m - a wand of digging (3)
 p - a wand of light (15)
 w - a wand of polymorph (3)
 x - a wand of flame (9)
Scrolls
 e - a scroll of fear
 j - 3 scrolls of teleportation
 q - a scroll of magic mapping
Potions
 c - 3 potions of ambrosia
 f - 3 potions of curing
 h - a potion of mutation
 i - a potion of heal wounds
 k - 3 potions of flight
 B - a potion of resistance
 C - a potion of might


   Skills:
 + Level 12.1 Fighting
 * Level 16.5 Axes
 + Level 11.6 Armour
 - Level 3.2 Dodging
 - Level 1.5 Stealth


You had 10 spell levels left.
You didn't know any spells.
Your spell library contained the following spells:

 Spells                   Type           Power      Damage    Failure   Level
 Apportation              Tloc           0%         N/A       99%         1
 Necrotise                Necr           0%         1d4       99%         1
 Summon Small Mammal      Summ           0%         N/A       99%         1
 Ensorcelled Hibernation  Hex/Ice        0%         N/A       100%        2
 Passwall                 Tmut/Erth      0%         N/A       100%        2
 Call Canine Familiar     Summ           0%         N/A       100%        3
 Ozocubu's Armour         Ice            0%         N/A       100%        3
 Portal Projectile        Hex/Tloc       0%         N/A       100%        3
 Swiftness                Air            0%         N/A       100%        3
 Cause Fear               Hex            0%         N/A       100%        4
 Leda's Liquefaction      Hex/Erth       0%         N/A       100%        4
 Alistair's Intoxication  Tmut/Pois      0%         N/A       100%        5
 Dragon Form              Tmut           0%         N/A       100%        7
 Ozocubu's Refrigeration  Ice            0%         4d7       100%        7
 Dragon's Call            Summ           0%         N/A       100%        9


Dungeon Overview and Level Annotations

Branches:
Dungeon (11/15)            Temple (1/1) D:5            Lair (0/5) D:9
    Orc (0/2) D:11

Altars:
Cheibriados
Dithmenos
Elyvilon
Fedhas
Gozag
Hepliaklqana
Kikubaaqudgha
Makhleb
Okawaru
Qazlal
Sif Muna
Trog
Wu Jian
Zin
The Shining One

Shops:
D:3 :   D:9 :   D:11 [

Annotations:
D:11 Snorg


Innate Abilities, Weirdness & Mutations

Your life essence is reduced to manifest your ancestor. (-10% HP)
You have a pair of horns on your head.
You reflexively headbutt those who attack you in melee.


Message History

Orders for allies: a - Attack new target. r - Retreat! s - Stop attacking. g - Guard the area. f - Follow me.
Anything else - Cancel.
Retreat in which direction?
Press: ? - help, Dir - move target Fall back!
Snorg rages. x2
Items here: )) ? รท.
Things that are here:
a +0 giant spiked club; a +0 giant spiked club; an ogre skeleton Snorg bites John the man!
Snorg claws John the man!
Snorg closely misses John the man.
Snorg misses John the man.
Snorg claws John the man!
John the man is destroyed!
Snorg rages.
You barely miss Snorg. Snorg closely misses you. Snorg claws you! x2
You slash Snorg! You headbutt Snorg!
Snorg is moderately wounded.
Snorg bites you but does no damage. Snorg claws you!
Snorg claws you but does no damage.
You hit Snorg. You headbutt Snorg!
Snorg is moderately wounded.
Snorg bites you! Snorg closely misses you. Snorg claws you.
You can't see any enemies this would affect, really read the scroll of fear?
Okay, then.
Aiming: Charm
Press: ? - help, Shift-Dir - straight line, f - Snorg
Aim: Snorg (moderately wounded, berserk, chance to affect: 17%) Snorg resists with almost no effort.
Snorg bites you but does no damage. Snorg claws you but does no damage. x2
Aiming: Charm
Press: ? - help, Shift-Dir - straight line, f/p - Snorg
Aim: Snorg (moderately wounded, berserk, chance to affect: 17%) Snorg resists with almost no effort.
Snorg bites you!!
* * * LOW HITPOINT WARNING * * *
Snorg claws you but does no damage. Snorg claws you!
* * * LOW HITPOINT WARNING * * *
Snorg bites you.
You die...

.. #...........###
###........
##.....?))....#####..........
#..##..))......##...........
#..####.....................
#...##......................
#....#......................
#...........................
#..........T.............^..
#.....<....@................
#...........................
#...........................
#.#####........#######....##
### ###......# ######
###...## #####


You could see Snorg (berserk).

Vanquished Creatures
  A death yak (D:10)
  A two-headed ogre (D:11)
  An ugly thing (D:11)
  2 manticores (D:10)
  Joseph (D:7)
  Psyche (D:11)
  An unseen horror (D:11)
  3 kobold demonologists (D:10)
  A troll (D:9)
  3 polar bears (D:10)
  Prince Ribbit (D:8)
  A dream sheep (D:10)
  3 wyverns
  2 wraiths
  9 yaks (D:10)
  A hog (D:10)
  An acid dragon (D:10)
  7 black bears (D:10)
  6 ogres (D:11)
  A wolf (D:10)
  2 centaurs
  A phantom (D:6)
  2 bullfrogs
  2 kobold brigands
  A necrophage (D:8)
  4 scorpions
  12 wights
  21 killer bees
  2 hounds
  4 jellies
  7 orc priests
  A gnoll bouda (D:7)
  4 iguanas
  Jessica (D:2)
  Terence (D:2)
  2 orc wizards
  Natasha (thrice) (D:2)
  8 gnolls
  An adder (D:3)
  2 white imps
  An ufetubus (D:5)
  3 worms
  3 dart slugs
  18 orcs
  6 ball pythons
  8 bats
  10 endoplasms
  3 giant cockroaches
  4 goblins
  9 hobgoblins
  6 jackals
  4 quokkas
  2 frilled lizards
  14 kobolds
  5 rats
  A butterfly (D:4)
225 creatures vanquished.

Vanquished Creatures (collateral kills)
  A death yak (D:10)
  Lodul (D:11)
  A komodo dragon (D:9)
  A hornet (D:8)
  A dream sheep (D:10)
  2 wyverns
  A wraith (D:10)
  A sky beast (D:7)
  An ogre (D:11)
  A gnoll sergeant (D:5)
  A wight (D:6)
  3 killer bees
  A hound (D:5)
  2 orc priests
  3 iguanas
  5 gnolls
  2 orcs
28 creatures vanquished.

Vanquished Creatures (others)
  A killer bee (D:11)
  7 hexers
  10 plants (D:9)
18 creatures vanquished.

Grand Total: 271 creatures vanquished

Notes
Turn   | Place    | Note
-------+----------+-------------------------------------------
     0 | D:1      | sanboga the Minotaur Monk began the quest for the Orb.
     0 | D:1      | Reached XP level 1. HP: 19/19 MP: 0/0
   111 | D:1      | Reached skill level 4 in Axes
   119 | D:1      | Reached XP level 2. HP: 27/27 MP: 1/1
   143 | D:1      | Reached skill level 1 in Armour
   746 | D:1      | Reached XP level 3. HP: 31/33 MP: 2/2
  1189 | D:2      | Identified the +7 long sword of Objectivity {vorpal, rElec
                  | rC+ Int+3 SInv}
  1341 | D:2      | Noticed Jessica
  1352 | D:2      | Killed Jessica
  1353 | D:2      | Reached XP level 4. HP: 21/40 MP: 3/3
  1524 | D:2      | Noticed Terence
  1532 | D:2      | Killed Terence
  1533 | D:2      | Reached skill level 5 in Axes
  1908 | D:2      | Noticed Natasha
  1919 | D:2      | Killed Natasha
  2051 | D:2      | Noticed Natasha
  2061 | D:2      | Killed Natasha
  2062 | D:2      | Reached XP level 5. HP: 38/47 MP: 4/4
  2137 | D:2      | Noticed Natasha
  2146 | D:2      | Killed Natasha
  2461 | D:3      | Found Oniqor's Book Shop.
  2585 | D:3      | Found a faded altar of an unknown god.
  2732 | D:3      | Reached skill level 6 in Axes
  3178 | D:4      | Noticed a centaur
  3192 | D:4      | Killed a centaur
  3193 | D:4      | Reached skill level 5 in Fighting
  3193 | D:4      | Reached XP level 6. HP: 29/56 MP: 5/5
  3669 | D:4      | Reached skill level 7 in Axes
  4090 | D:4      | Reached XP level 7. HP: 61/62 MP: 6/6
  4502 | D:5      | Entered Level 5 of the Dungeon
  4524 | D:5      | Found a staircase to the Ecumenical Temple.
  4541 | Temple   | Entered the Ecumenical Temple
  4666 | Temple   | Became a worshipper of Hepliaklqana the Forgotten
  4666 | Temple   | Reached * piety under Hepliaklqana
  4666 | Temple   | Reached ** piety under Hepliaklqana
  4721 | D:5      | Remembered your ancestor John the man as a hexer
  4970 | D:5      | Reached skill level 8 in Axes
  5284 | D:5      | Found a glowing golden altar of the Shining One.
  5285 | D:5      | Found a stormy altar of Qazlal.
  5416 | D:5      | Reached skill level 5 in Armour
  5767 | D:5      | Found an ornate altar of the Wu Jian Council.
  5795 | D:5      | Reached XP level 8. HP: 46/61 MP: 7/7
  5879 | D:5      | Reached skill level 9 in Axes
  6419 | D:6      | Reached *** piety under Hepliaklqana
  6666 | D:7      | Noticed Joseph
  6687 | D:7      | Killed Joseph
  6688 | D:7      | Reached skill level 10 in Axes
  6956 | D:7      | Found a bloodstained altar of Trog.
  7053 | D:7      | Reached XP level 9. HP: 51/72 MP: 8/8
  7347 | D:7      | Reached skill level 11 in Axes
  7479 | D:7      | Found an iron altar of Okawaru.
  8433 | D:8      | Reached skill level 12 in Axes
  8529 | D:8      | Reached **** piety under Hepliaklqana
  9032 | D:8      | Noticed Prince Ribbit
  9041 | D:8      | Killed Prince Ribbit
  9388 | D:9      | Reached ***** piety under Hepliaklqana
  9402 | D:9      | Reached XP level 10. HP: 39/80 MP: 9/9
  9829 | D:9      | Found a staircase to the Lair.
  9844 | D:9      | Reached skill level 13 in Axes
  9947 | D:9      | Found Otasey's Book Shop.
 10110 | D:10     | Entered Level 10 of the Dungeon
 10227 | D:10     | Reached skill level 10 in Fighting
 10515 | D:10     | Reached skill level 14 in Axes
 11110 | D:10     | Noticed a sixfirhy
 11111 | D:10     | Noticed a soul eater
 11117 | D:10     | Noticed a sun demon
 11122 | D:10     | Reached skill level 10 in Armour
 11124 | D:10     | Noticed a smoke demon
 11134 | D:10     | Reached XP level 11. HP: 68/90 MP: 10/10
 11322 | D:10     | Found a huge runed translucent gate.
 11322 | D:10     | Found a huge runed translucent gate.
 11322 | D:10     | Found a huge runed translucent gate.
 11322 | D:10     | Noticed a death yak
 11323 | D:10     | Noticed a death yak
 11324 | D:10     | Found a huge runed translucent gate.
 11600 | D:10     | Killed a death yak
 11607 | D:10     | Reached skill level 15 in Axes
 11641 | D:10     | Killed a death yak
 12002 | D:11     | Found Wewk's Armour Boutique.
 12038 | D:11     | Noticed a two-headed ogre
 12046 | D:11     | Killed a two-headed ogre
 12047 | D:11     | Reached skill level 16 in Axes
 12216 | D:11     | Identified the +8 quarterstaff of Kissing Extermination
                  | {vorpal, Str+5}
 12239 | D:11     | Found a staircase to the Orcish Mines.
 12353 | D:11     | Noticed a cyan ugly thing
 12367 | D:11     | Killed a cyan ugly thing
 12482 | D:11     | Noticed Lodul
 12492 | D:11     | Killed Lodul
 12798 | D:11     | Noticed Psyche
 12803 | D:11     | Noticed Snorg
 12806 | D:11     | Killed Psyche
 12830 | D:11     | HP: 3/93 [Snorg (8)]
 12830 | D:11     | Slain by Snorg

Illustrated notes

Levels and vault maps discovered:
D:1:      dpeg_arrival_prison, layout_basic, st_stairs_8
D:2:      layout_loops_ring, uniq_natasha, uniq_terence, uniq_jessica
D:3:      layout_loops_ring, shapermc_ecumenical_altar_totnotflames,
          serial_shops, nicolae_shop_waterfront
D:4:      layout_basic, hangedman_glass_teeth, hangedman_glass_garden
D:5:      layout_gridville, gammafunk_temple_overflow_pools,
          kennysheep_mini_moat, minmay_temple_entry_wispy, feat_on_display
D:6:      cheibrodos_helix_gallery, layout_rooms
D:7:      layout_basic, mainiacjoe_overflow_six_doors_small,
          david_defended_altar_orc, uniq_joseph
D:8:      layout_layer_cave, uniq_prince_ribbit1
D:9:      nicolae_cairo_tiling_large, layout_rooms, david_lair_shrubbed,
          serial_shops, shop
D:10:     lemuel_bear_cage, layout_stronghold
D:11:     layout_cave_pods, orc_0_dummy, serial_shops, shop, uniq_snorg,
          uniq_lodul, uniq_psyche
Temple:   regret_index_temple_chain_breaker

Skill      XL: |  1  2  3  4  5  6  7  8  9 10 11 |
---------------+----------------------------------+-----
Axes           | 4 5 6 7 8 10 12 14 16 | 16.5
Armour         | 1 2 3 4 5 6 8 10 11 | 11.6
Fighting       | 4 5 6 7 9 10 12 | 12.1
Dodging        | |  3.2
Stealth        | |  1.5

Action                   |  1- 3 |  4- 6 |  7- 9 | 10-12 || total
-------------------------+-------+-------+-------+-------++-------
Melee: Hand axe          |    69 |   132 |    39 |       ||   240
       Headbutt          |    14 |    20 |    38 |    50 ||   122
       War axe           |       |       |   149 |   198 ||   347
       Punch             |       |       |     2 |     4 ||     6
Invok: Recall Ancestor   |       |       |     1 |     1 ||     2
       Ancestor Life: He |       |       |     1 |       ||     1
       Ancestor Identity |       |       |     1 |       ||     1
Evoke: Wand              |       |       |       |     9 ||     9
  Use: Scroll            |       |       |    12 |     9 ||    21
       Potion            |       |       |     1 |     3 ||     4
 Stab: Sleeping          |     5 |       |       |       ||     5
       Confused          |       |       |     1 |     5 ||     6
       Distracted        |       |       |     1 |       ||     1
Armor: Robe              |     9 |       |       |       ||     9
       Scale mail        |       |    48 |    55 |    59 ||   162
       Plate armour      |       |       |       |    15 ||    15
Dodge: Dodged            |    41 |    89 |   159 |   146 ||   435
